 Dungeon Sprint DCSS version 0.19.4-8-ga85b6b9 (webtiles) character file.

14700000 protoss039 the Archmage (level 27, 0/273 HPs)
             Began as a Ghoul Wizard on Feb 13, 2017.
             Was the Champion of Makhleb.
             Slain by a destroyer
             ... wielding a +9 great sword of slicing
              (6 damage)
             ... in the Dungeon (Sprint VIII: "Arena of Blood").
             The game lasted 00:05:22 (147 turns).

protoss039 the Archmage (Ghoul Wizard)               Turns: 147, Time: 00:05:32

Health: 0/273      AC:  4    Str: 24    XL:     27
Magic:  40/53      EV: 23    Int: 13    God:    Makhleb [******]
Gold:   0          SH:  0    Dex:  7    Spells: 1 memorised, 79 levels left

rFire  . . .     SeeInvis .     k - +โˆž Axe of Woe
rCold  + . .     Gourm    .     a - +0 robe
rNeg   + + +     Faith    .     (shield currently unavailable) rPois โˆž Spirit .
                                b - +0 hat
rElec  .         Reflect  .     (no cloak)
rCorr  .         Harm     .     (no gloves)
MR     ++...     NoTele   +     (no boots)
Stlth  +++++++++.               (no amulet)
                                n - +250 ring of slaying
                                o - +250 ring of slaying

@: rotting, slowed, very slow
A: rotting body, claws 1, carnivore 3, cold resistance 1, negative energy
resistance 3, slow regeneration 1, torment resistance, unbreathing
a: Minor Destruction, Lesser Servant of Makhleb, Major Destruction, Greater
Servant of Makhleb, Renounce Religion


You were in the Dungeon.
You worshipped Makhleb.
Makhleb was exalted by your worship.
You were not hungry.

You visited 1 branch

Inventory:

Hand Weapons
 k - the +โˆž Axe of Woe (weapon)
   (You found it in the Dungeon)
Armour
 a - a +0 robe (worn)
 b - a +0 hat (worn)
Jewellery
 l - a +200 ring of slaying
 m - a +200 ring of slaying
 n - a +250 ring of slaying (right claw)
 o - a +250 ring of slaying (left claw)
Scrolls
 j - a scroll of blinking
Potions
 e - a potion of curing
 f - a potion of heal wounds
 g - a potion of haste
 h - 2 potions of magic
 i - a potion of berserk rage
Books
 c - a book of Minor Magic

   Spells                             Type                      Level
   a - Magic Dart                     Conjuration                  1
   b - Blink                          Translocation                2
   c - Call Imp                       Summoning                    2
   d - Repel Missiles                 Charms/Air                   2
   e - Slow                           Hexes                        2
   f - Conjure Flame                  Conjuration/Fire             3
   g - Mephitic Cloud                 Conjuration/Poison/Air       3
Comestibles
 d - a meat ration


   Skills:
 O Level 27 Fighting
 O Level 27 Axes
 O Level 27 Throwing
 O Level 27 Armour
 O Level 27 Dodging
 O Level 27 Stealth
 O Level 27 Unarmed Combat
 O Level 27 Spellcasting
 O Level 27 Conjurations
   Level 0.8 Summonings
   Level 0.8 Translocations
 O Level 27 Invocations


You had 79 spell levels left.
You knew the following spells:

 Your Spells              Type           Power        Failure   Level  Hunger
a - Magic Dart            Conj           ####         0%          1    None


Dungeon Overview and Level Annotations

Branches:
Dungeon (1/1)

Altars:
Makhleb

Annotations:
D The Meatlord


Innate Abilities, Weirdness & Mutations

Your body is rotting away.
You thrive on raw meat.
You are immune to poison.
You have sharp fingernails.
You are carnivorous and can eat meat at any time.
Your flesh is cold resistant. (rC+)
You are immune to negative energy. (rN+++)
You regenerate slowly when monsters are visible.
You are immune to unholy pain and torment.
You can survive without breathing.


Message History

You hear a shout! x3
The scourge throws poison at you. The bolt of poison hits you! You resist.
The bolt of poison hits something.
A crawling corpse comes into view.
Unknown command.
Press < or > to pray at altars.
Unknown command.
Press < or > to pray at altars.
Press: ? - help, v - describe, . - travel, g - get item
Here: a destroyer, wielding a +9 great sword of slicing and wearing a +200 ring of slaying A +9 great mace.
There is something else lying underneath.
The floor, spattered with blood.
A demon appears!
You hear a shout! x2
The destroyer hits you with a +9 great sword of slicing!!!!!
Ouch! That really hurt!
* * * LOW HITPOINT WARNING * * *
x2 The destroyer bites you.
You die...

#... ..# . #.ยง.
%.# V ..###...
..###Oo
...%..D###....2S.
....%..)_)....o..
.....#)))))#..o..
... #2)<%_# ...
.....#)%VXo#.....
.....%.)@S)z.....
.......###&....%.
..###... .x###..
o #... ..# . #...
..# ..... ...
.p.. .X.. ....


oL.. You could see The Meatlord, an eight-headed meat hydra, a destroyer, a
scourge, a sculptor of flesh, a large abomination, a bag of meat, a crawling
corpse and a friendly green death.

Vanquished Creatures
  5 hell knights (D)
  Sigmund (D)
  7 hell beasts (D)
  Edmund (D)
  2 greater mummies (D)
  5 great orbs of eyes (D)
  4 wraiths (D)
  16 vampire knights (D)
  41 ogres (D)
  8 liches (D)
  2 hydras (D)
  61 orcs (D)
  5 phantoms (D)
  3 hill giants (D)
  8 skeletal warriors (D)
  A sea snake (D)
  5 large abominations (D)
  11 small abominations (D)
  14 crawling corpses (D)
200 creatures vanquished.

Vanquished Creatures (others)
  4 crawling corpses (D)
4 creatures vanquished.

Grand Total: 204 creatures vanquished

Notes
Turn   | Place    | Note
-------+----------+-------------------------------------------
     0 | D        | protoss039 the Ghoul Wizard began the quest for the Orb.
     0 | D        | Reached XP level 1. HP: 14/14 MP: 3/3
     3 | D        | Became a worshipper of Makhleb the Destroyer
     4 | D        | Noticed a bag of meat
     5 | D        | Noticed a bag of meat
     5 | D        | Noticed a bag of meat
     6 | D        | Noticed a bag of meat
    10 | D        | Killed a bag of meat
    10 | D        | Reached skill level 10 in Dodging
    10 | D        | Reached XP level 2. HP: 20/20 MP: 3/21
    10 | D        | Reached XP level 3. HP: 26/26 MP: 3/23
    10 | D        | Reached XP level 4. HP: 33/33 MP: 3/24
    10 | D        | Reached XP level 5. HP: 38/38 MP: 3/26
    10 | D        | Reached XP level 6. HP: 45/45 MP: 3/27
    10 | D        | Reached XP level 7. HP: 50/50 MP: 3/29
    10 | D        | Reached XP level 8. HP: 57/57 MP: 3/30
    10 | D        | Reached XP level 9. HP: 62/62 MP: 3/31
    10 | D        | Reached XP level 10. HP: 69/69 MP: 3/32
    10 | D        | Reached XP level 11. HP: 74/74 MP: 3/33
    10 | D        | Reached XP level 12. HP: 81/81 MP: 3/34
    10 | D        | Killed a bag of meat
    10 | D        | Reached * piety under Makhleb
    10 | D        | Reached skill level 1 in Fighting
    10 | D        | Reached XP level 13. HP: 90/90 MP: 3/38
    11 | D        | Noticed a bag of meat
    11 | D        | Killed a bag of meat
    11 | D        | Reached XP level 14. HP: 68/100 MP: 3/41
    11 | D        | Killed a bag of meat
    11 | D        | Noticed a bag of meat
    12 | D        | Noticed a meat berserker
    12 | D        | Noticed a meat berserker
    12 | D        | Killed a meat berserker
    12 | D        | Reached ** piety under Makhleb
    12 | D        | Reached skill level 5 in Fighting
    12 | D        | Reached skill level 27 in Spellcasting
    12 | D        | Reached XP level 15. HP: 114/114 MP: 4/45
    13 | D        | Noticed a meat berserker
    13 | D        | Noticed a meat berserker
    13 | D        | Reached XP level 16. HP: 98/124 MP: 4/46
    14 | D        | Killed a meat berserker
    14 | D        | Reached skill level 5 in Conjurations
    15 | D        | Killed a meat berserker
    15 | D        | Reached *** piety under Makhleb
    15 | D        | Reached skill level 10 in Fighting
    15 | D        | Reached XP level 17. HP: 112/141 MP: 5/47
    17 | D        | Noticed a meat berserker
    17 | D        | Noticed a meat berserker
    17 | D        | Noticed a meat berserker
    17 | D        | Killed a meat berserker
    17 | D        | Reached XP level 18. HP: 156/156 MP: 5/48
    18 | D        | Noticed a meat berserker
    18 | D        | Reached **** piety under Makhleb
    19 | D        | Noticed a large bag of meat
    20 | D        | Killed a meat berserker
    20 | D        | Reached XP level 19. HP: 169/169 MP: 6/49
    20 | D        | Killed a meat berserker
    20 | D        | Reached skill level 27 in Axes
    20 | D        | Reached skill level 27 in Dodging
    20 | D        | Reached skill level 27 in Stealth
    21 | D        | Killed a meat berserker
    21 | D        | Reached ***** piety under Makhleb
    21 | D        | Reached skill level 27 in Fighting
    21 | D        | Reached XP level 20. HP: 216/216 MP: 6/50
    23 | D        | Killed a meat berserker
    24 | D        | Noticed a meat berserker
    24 | D        | Killed a large bag of meat
    25 | D        | Noticed a meat berserker
    25 | D        | Noticed a meat berserker
    25 | D        | Noticed a meat berserker
    26 | D        | Noticed a destroyer
    26 | D        | Reached XP level 21. HP: 224/224 MP: 8/51
    28 | D        | Killed a destroyer
    28 | D        | Reached skill level 27 in Conjurations
    29 | D        | Noticed a meat berserker
    29 | D        | Killed a meat berserker
    29 | D        | Reached XP level 22. HP: 126/233 MP: 9/52
    29 | D        | Reached ****** piety under Makhleb
    29 | D        | Reached skill level 15 in Unarmed Combat
    29 | D        | Reached skill level 15 in Invocations
    30 | D        | Reached XP level 23. HP: 240/240 MP: 9/53
    31 | D        | Noticed a destroyer
    33 | D        | Noticed a destroyer
    35 | D        | Noticed a destroyer
    36 | D        | Reached XP level 24. HP: 249/249 MP: 11/53
    37 | D        | Noticed a destroyer
    38 | D        | Reached skill level 27 in Unarmed Combat
    38 | D        | Reached skill level 27 in Invocations
    39 | D        | Killed a destroyer
    39 | D        | Reached skill level 27 in Throwing
    39 | D        | Reached skill level 27 in Armour
    39 | D        | Reached XP level 25. HP: 257/257 MP: 11/53
    41 | D        | Killed a destroyer
    43 | D        | Killed a destroyer
    43 | D        | Reached XP level 26. HP: 266/266 MP: 12/53
    46 | D        | Reached XP level 27. HP: 273/273 MP: 13/53
    47 | D        | Noticed a destroyer
    49 | D        | Killed a destroyer
    50 | D        | Noticed a destroyer
    53 | D        | Noticed a tyrant
    53 | D        | Killed a destroyer
    55 | D        | Noticed a destroyer
    56 | D        | Noticed a tyrant
    56 | D        | Noticed a destroyer
    57 | D        | Noticed a destroyer
    58 | D        | Killed a destroyer
    59 | D        | Killed a destroyer
    61 | D        | Killed a tyrant
    63 | D        | Killed a destroyer
    65 | D        | Noticed a destroyer
    67 | D        | Killed a tyrant
    68 | D        | Noticed a destroyer
    69 | D        | Killed a destroyer
    70 | D        | Noticed an accursed
    70 | D        | Killed a destroyer
    71 | D        | Killed a destroyer
    73 | D        | Noticed a destroyer
    73 | D        | Noticed a destroyer
    74 | D        | Noticed a meat beast
    77 | D        | Noticed a dread
    77 | D        | Killed a meat beast
    81 | D        | Noticed a meat beast
    81 | D        | Noticed The Captor
    81 | D        | Killed a destroyer
    84 | D        | Noticed a destroyer
    85 | D        | Killed a meat beast
    89 | D        | Noticed an accursed
    90 | D        | Noticed a meat beast
    90 | D        | Killed a dread
    91 | D        | Killed an accursed
    92 | D        | Noticed a meat beast
    92 | D        | Killed a meat beast
    93 | D        | Killed an accursed
    93 | D        | Killed a destroyer
    94 | D        | Killed a meat beast
    95 | D        | Noticed a meat beast
    99 | D        | Killed The Captor
    99 | D        | Killed a meat beast
   100 | D        | Noticed a dread
   100 | D        | Noticed The Defiler
   103 | D        | Killed a dread
   104 | D        | Noticed a tyrant
   104 | D        | Noticed a tyrant
   104 | D        | Killed a tyrant
   105 | D        | Noticed a meat beast
   106 | D        | Noticed a tyrant
   108 | D        | Noticed a destroyer
   108 | D        | Noticed a dread
   108 | D        | Killed a meat beast
   111 | D        | Killed The Defiler
   113 | D        | Killed a dread
   113 | D        | Killed a tyrant
   115 | D        | Killed a destroyer
   116 | D        | Killed a tyrant
   118 | D        | Noticed a tyrant
   119 | D        | Noticed a tyrant
   120 | D        | Noticed a tyrant
   121 | D        | Killed a destroyer
   122 | D        | Killed a tyrant
   125 | D        | Noticed a fleshlord
   127 | D        | Noticed a dread
   128 | D        | Killed a tyrant
   129 | D        | Killed a tyrant
   129 | D        | Killed a fleshlord
   132 | D        | Noticed a fleshlord
   132 | D        | Killed a dread
   134 | D        | Noticed a meat beast
   135 | D        | Noticed a meat beast
   135 | D        | Killed a fleshlord
   136 | D        | Noticed a destroyer
   136 | D        | Noticed a fleshlord
   137 | D        | Noticed a fleshlord
   140 | D        | Noticed a fleshlord
   142 | D        | Killed a meat beast
   142 | D        | HP: 5/273 [fleshlord/+9 great mace (224)]
   143 | D        | Killed a fleshlord
   145 | D        | Noticed a destroyer
   145 | D        | Noticed The Meatlord
   145 | D        | Killed a fleshlord
   146 | D        | Killed a fleshlord
   147 | D        | HP: 6/273 [destroyer/+9 great sword of slicing (60)]
   147 | D        | Slain by a destroyer

Skill      XL: |  1  2  3  4  5  6  7  8  9 10 11 12 13 14 15 16 17 18 19 20 21 22 23 24 |
---------------+-------------------------------------------------------------------------+-----
Axes           | 4 6 7 11 14 20 23 26 27 | 27.0
Dodging        | 10 12 13 16 17 21 24 26 27 | 27.0
Stealth        | 11 12 13 16 17 21 23 25 27 | 27.0
Spellcasting   | 19 22 24 27 | 27.0
Conjurations   | 2 3 4 6 7 14 26 27 | 27.0
Fighting       | 1 2 5 6 10 12 14 27 | 27.0
Throwing       | 9 18 23 27 | 27.0
Armour         | 9 18 23 27 | 27.0
Unarmed Combat | 11 21 26 27 | 27.0
Invocations    | 11 21 26 27 | 27.0
Summonings     | |  0.8
Translocations | |  0.8

Action                   |  1- 3 |  4- 6 |  7- 9 | 10-12 | 13-15 | 16-18 | 19-21 | 22-24 | 25-27 || total
-------------------------+-------+-------+-------+-------+-------+-------+-------+-------+-------++-------
Melee: Executioner's axe |     1 |       |       |       |     3 |     6 |     6 |     5 |    78 ||    99
Invok: Greater Servant o |       |       |       |       |       |       |       |       |     3 ||     3
Armor: Robe              |       |       |       |       |       |       |       |       |     2 ||     2
Dodge: Dodged            |       |       |       |       |       |     1 |       |     1 |     8 ||    10
